 Dungeon Sprint DCSS version 0.23-a0-814-g91b4073 (webtiles) character file.

1850 Lanoc the Grappler (level 8, -6/136 HPs)
             Began as a Troll Monk on Jan 21, 2019.
             Was the Champion of Jiyva.
             Mangled by a seven-headed hydra (11 damage)
             ... in the Dungeon (Sprint IX: "|||||||||||||||||||||||||||||").
             The game lasted 00:02:06 (485 turns).

Lanoc the Grappler (Troll Monk)                      Turns: 485, Time: 00:02:07

Health: -6/136     AC:  8    Str: 26    XL:     8   Next: 88%
Magic:  7/7        EV: 15    Int: 10    God:    Jiyva [******]
Gold:   0          SH:  0    Dex: 15    Spells: 7/7 levels left

rFire    . . .     SeeInvis +   m - +4 quarterstaff (speed)
rCold    . . .     Gourm    +   (shield currently unavailable)
rNeg     . . .     Faith    .   a - +0 robe
rPois    .         Spirit   .   (helmet restricted)
rElec    .         Reflect  .   n - +0 cloak
rCorr    +         Harm     .   (gloves unavailable)
MR       .....     Clarity  +   (boots unavailable) Stlth ..........NoTele +
                                (no amulet)
HPRegen  0.72/turn              o - +3 ring of dexterity
MPRegen  0.10/turn              p - +3 ring of intelligence

@: berserking, lethally poisoned (-6 -> -7), very quick
A: large, unfitting armour, claws 3, see invisible, clarity, fast metabolism 3,
gourmand, regeneration 1, shaggy fur 2, tough skin 3
a: Request Jelly, Slimify, Cure Bad Mutation, Renounce Religion


You were in the Dungeon.
You worshipped Jiyva.
Jiyva was exalted by your worship.
You were very full.

You visited 1 branch

Inventory:

Hand Weapons
 m - a +4 quarterstaff of speed (weapon)
Armour
 a - a +0 robe (worn)
 n - a +0 cloak (worn)
Jewellery
 o - a +3 ring of dexterity (left claw)
 p - a +3 ring of intelligence (right claw)
Wands
 l - a wand of iceblast (10)
Scrolls
 h - 3 scrolls of blinking
 j - 5 scrolls of remove curse
 k - 2 scrolls of amnesia
 q - a scroll of fear
 r - a scroll of fog
Potions
 c - 6 potions of curing
 d - 7 potions of heal wounds
 e - 2 potions of haste
 f - 4 potions of magic
 g - a potion of invisibility
Comestibles
 b - 2 rations


   Skills:
 + Level 8.9 Fighting
 + Level 8.9 Dodging
 - Level 1.0 Stealth
 * Level 13.9 Unarmed Combat


You had 7 spell levels left.
You didn't know any spells.
Your spell library was empty.

Dungeon Overview and Level Annotations

Branches:
Dungeon (1/1)

Altars:
Cheibriados
Dithmenos
Elyvilon
Fedhas
Gozag
Hepliaklqana
Kikubaaqudgha
Makhleb
Nemelex Xobeh
Okawaru
Qazlal
Ru
Sif Muna
Trog
Uskayaw
Vehumet
Wu Jian
Xom
Yredelemnul
Zin
The Shining One
Beogh
Jiyva
Lugonu


Innate Abilities, Weirdness & Mutations

You are too large for most types of armour.
You have claws for hands.
Your metabolism is lightning-fast.
You like to eat raw meat.
Your natural rate of healing is unusually fast.
You are covered in thick fur. (AC +2)
You have extremely tough skin. (AC +3)
You have supernaturally acute eyesight. (SInv)
You possess an exceptional clarity of mind.


Message History

The seven-headed hydra is moderately wounded.
You feel sick.
The seven-headed hydra closely misses you.
The seven-headed hydra bites you! The seven-headed hydra misses you.
The seven-headed hydra bites you! x2
* * * LOW HITPOINT WARNING * * *
The seven-headed hydra bites you!
* * * LOW HITPOINT WARNING * * *
The seven-headed hydra bites you!
* * * LOW HITPOINT WARNING * * *
A porcupine comes into view.
You sock the seven-headed hydra!
The seven-headed hydra is heavily wounded.
The seven-headed hydra bites you but does no damage.
The seven-headed hydra bites you!
* * * LOW HITPOINT WARNING * * *
The seven-headed hydra bites you!
* * * LOW HITPOINT WARNING * * *
The seven-headed hydra bites you!
You die...

▓▓▓▓▓▓▓▓▓▓▓▓▓▓▓▓▓▓▓▓▓▓▓▓
r.YlkFD@....))(.....'...
▓▓▓▓▓▓▓▓▓▓▓▓▓▓▓▓▓▓▓▓▓▓▓▓▓▓▓▓▓▓▓▓▓
.................................
▓▓▓▓▓▓▓▓▓▓▓▓▓▓▓▓▓▓▓▓▓▓▓▓▓▓▓▓▓▓▓▓▓
____________J_______'...)÷†....))
▓▓▓▓▓▓▓▓▓▓▓▓▓▓▓▓▓▓▓▓▓▓▓▓▓▓▓▓▓▓▓▓▓


You could see a seven-headed hydra, a yak, a spiny frog, a basilisk, a rime
drake and a porcupine.

Vanquished Creatures
  2 ugly things (D)
  A hippogriff (D)
  A yak (D)
  A hungry ghost (D)
  A basilisk (D)
  A water moccasin (D)
  An orc warrior (D)
  A bullfrog (D)
  2 scorpions (D)
  A crimson imp (D)
  A hound (D)
  2 worker ants (D)
  A leopard gecko (D)
  2 orcs (D)
  A bat (D)
  A goblin (D)
  A hobgoblin (D)
  A kobold (D)
  A frilled lizard (D)
  A rat (D)
24 creatures vanquished.

Notes
Turn   | Place    | Note
-------+----------+-------------------------------------------
     0 | D        | Lanoc the Troll Monk began the quest for the Orb.
     0 | D        | Reached XP level 1. HP: 22/22 MP: 0/0
    28 | D        | Noticed a worker ant
    28 | D        | Noticed a crimson imp
    28 | D        | Noticed a scorpion
    31 | D        | Killed a scorpion
    31 | D        | Reached skill level 5 in Unarmed Combat
    31 | D        | Reached XP level 2. HP: 32/32 MP: 1/1
    31 | D        | Reached XP level 3. HP: 39/39 MP: 2/2
    33 | D        | Reached skill level 6 in Unarmed Combat
    33 | D        | Reached XP level 4. HP: 48/48 MP: 3/3
    39 | D        | Reached skill level 7 in Unarmed Combat
    53 | D        | Found a roughly hewn altar of Beogh.
    53 | D        | Found a snail-covered altar of Cheibriados.
    53 | D        | Found a shadowy altar of Dithmenos.
    53 | D        | Found a white marble altar of Elyvilon.
    53 | D        | Found a blossoming altar of Fedhas.
    53 | D        | Found an opulent altar of Gozag.
    54 | D        | Found a hazy altar of Hepliaklqana.
    55 | D        | Found a viscous altar of Jiyva.
    56 | D        | Found an ancient bone altar of Kikubaaqudgha.
    57 | D        | Found a corrupted altar of Lugonu.
    58 | D        | Found a burning altar of Makhleb.
    59 | D        | Found a sparkling altar of Nemelex Xobeh.
    60 | D        | Found an iron altar of Okawaru.
    61 | D        | Found a stormy altar of Qazlal.
    62 | D        | Found a sacrificial altar of Ru.
    63 | D        | Found a deep blue altar of Sif Muna.
    64 | D        | Found a bloodstained altar of Trog.
    67 | D        | Became a worshipper of Jiyva Jokopn the Shapeless
    67 | D        | Reached * piety under Jiyva
    67 | D        | Reached ** piety under Jiyva
    70 | D        | Found a hide-covered altar of Uskayaw.
    71 | D        | Found a radiant altar of Vehumet.
    72 | D        | Found an ornate altar of the Wu Jian Council.
    73 | D        | Found a shimmering altar of Xom.
    74 | D        | Found a basalt altar of Yredelemnul.
    75 | D        | Found a glowing silver altar of Zin.
    76 | D        | Found a glowing golden altar of the Shining One.
   105 | D        | Reached *** piety under Jiyva
   105 | D        | Gained mutation: You have supernaturally acute eyesight.
                  | (SInv) [Jiyva's grace]
   106 | D        | Reached **** piety under Jiyva
   107 | D        | Gained mutation: You are agile. (Dex +2) [Jiyva's grace]
   107 | D        | Gained mutation: You possess an exceptional clarity of
                  | mind. [Jiyva's grace]
   107 | D        | Reached ***** piety under Jiyva
   107 | D        | Gained mutation: You have a small jelly attached to you
                  | that may absorb incoming projectiles. [Jiyva's grace]
   111 | D        | Noticed a bullfrog
   111 | D        | Noticed a hippogriff
   111 | D        | Noticed an orc warrior
   111 | D        | Noticed a hungry ghost
   112 | D        | Gained mutation: You are covered in thick fur. (AC +2)
                  | [Jiyva's grace]
   112 | D        | Reached ****** piety under Jiyva
   120 | D        | Killed a hungry ghost
   120 | D        | Reached skill level 5 in Fighting
   120 | D        | Reached skill level 5 in Dodging
   120 | D        | Reached skill level 9 in Unarmed Combat
   120 | D        | Reached XP level 5. HP: 58/58 MP: 4/4
   132 | D        | Killed an orc warrior
   132 | D        | Reached skill level 10 in Unarmed Combat
   132 | D        | Reached XP level 6. HP: 32/67 MP: 5/5
   136 | D        | Killed a hippogriff
   136 | D        | Reached skill level 11 in Unarmed Combat
   136 | D        | Reached XP level 7. HP: 32/76 MP: 6/6
   212 | D        | Lost mutation: You are agile. (Dex +2) [Jiyva's grace]
   213 | D        | Noticed a red ugly thing
   213 | D        | Noticed a red ugly thing
   213 | D        | Noticed a yak
   214 | D        | Lost mutation: You have a small jelly attached to you that
                  | may absorb incoming projectiles. [Jiyva's grace]
   219 | D        | Killed a yak
   226 | D        | Killed a cyan ugly thing
   226 | D        | Reached skill level 12 in Unarmed Combat
   226 | D        | Reached XP level 8. HP: 56/88 MP: 7/7
   226 | D        | Gained mutation: You are covered in slimy tendrils that may
                  | disarm your opponents. [Jiyva's grace]
   226 | D        | Lost mutation: You are covered in slimy tendrils that may
                  | disarm your opponents. [Jiyva's grace]
   234 | D        | Killed a cyan ugly thing
   234 | D        | Reached skill level 13 in Unarmed Combat
   469 | D        | Noticed a rime drake
   469 | D        | Noticed a spiny frog
   470 | D        | Noticed a seven-headed hydra
   485 | D        | HP: 5/136 [seven-headed hydra (13)]
   485 | D        | Mangled by a seven-headed hydra

Vault maps used:
D:        linesprint

Skill      XL: |  1  2  3  4  5  6  7  8 |
---------------+-------------------------+-----
Fighting       | 3 4 5 6 8 |  8.9
Dodging        | 3 4 5 6 8 |  8.9
Unarmed Combat | 5 6 9 10 11 12 13 | 13.9
Stealth        | |  1.0

Action                   |  1- 3 |  4- 6 |  7- 9 || total
-------------------------+-------+-------+-------++-------
Melee: Unarmed           |    17 |    31 |    45 ||    93
       Punch             |       |       |     3 ||     3
       Quarterstaff      |       |       |     4 ||     4
  Use: Potion            |     1 |       |     1 ||     2
  Eat: Chunk             |       |       |     9 ||     9
Armor: Robe              |     7 |     5 |     6 ||    18
Dodge: Dodged            |     7 |    11 |    20 ||    38

Table legend:
 A = Non-vault XP
 B = Vault XP
 C = Vault XP percentage of total XP
 D = Non-vault monster count
 E = Vault monster count
 F = Vault count percentage of total count
                 A         B        C        D         E       F
            +---------+---------+-------+---------+---------+-------
      Total |       0 |    2644 | 100.0 |       0 |      24 | 100.0
            +---------+---------+-------+---------+---------+-------
          D |       0 |    2644 | 100.0 |       0 |      24 | 100.0
            +---------+---------+-------+---------+---------+-------
